 Dungeon Sprint DCSS version 0.27.1-33-g824d729ab1 (webtiles) character file.

Game seed: 4474586767484824936

2981 manyhoops the Geomancer (level 9, -3/45 HPs)
             Began as a Deep Elf Earth Elementalist on Nov 29, 2021.
             Shot with an arrow by a centaur warrior (25 damage)
             ... in the Dungeon (Sprint I: "Red Sonja").
             The game lasted 00:04:08 (789 turns).

manyhoops the Geomancer (DEEE)                       Turns: 789, Time: 00:04:09

Health: -3/45      AC:  8    Str:  5    XL:     9   Next: 53%
Magic:  10/27      EV: 12    Int: 23    God:
Gold:   39         SH:  0    Dex: 16    Spells: 22/32 levels left

rFire    + . .     SeeInvis .   g - +2 club (spect)
rCold    . . .     Faith    .   (no shield)
rNeg     . . .     Spirit   .   c - +2 robe {rF+}
rPois    .         Reflect  .   b - +2 hat
rElec    .         Harm     .   l - +0 cloak
rCorr    .         Rampage  .   (no gloves)
Will     .....     NoTele   +   k - +0 pair of boots
Stlth    ++++......             (no amulet)
HPRegen  0.15/turn              (no ring)
MPRegen  0.20/turn              (no ring)

@: no status effects
A: no striking features
a: no special abilities


You were in the Dungeon.
You visited 1 branch You collected 677 gold pieces.
You spent 638 gold pieces at shops.

Inventory:

Hand Weapons
 g - a +2 spectral club (weapon)
Missiles
 i - 19 stones
Armour
 b - a +2 hat (worn)
 c - a +2 robe of fire resistance (worn)
 k - a +0 pair of boots (worn)
 l - a +0 cloak (worn)
 m - a +0 buckler
Wands
 a - a wand of flame (17)
Scrolls
 h - a scroll of blinking
 j - a scroll of vulnerability {unknown}
Potions
 d - a potion of heal wounds
 e - a potion of haste
 f - 2 potions of magic


   Skills:
 - Level 2.4 Dodging
 - Level 9.6 Stealth
 + Level 5.9 Shields
 - Level 12.3 Spellcasting
 - Level 12.9 Conjurations
 - Level 1.1 Transmutations
 - Level 13.7 Earth Magic


You had 22 spell levels left.
You knew the following spells:

 Your Spells              Type           Power      Damage    Failure   Level
a - Sandblast             Erth           100%       2d20      0%          1
b - Passwall              Tmut/Erth      40%        N/A       1%          2
c - Stone Arrow           Conj/Erth      100%       3d13      1%          3
d - Petrify               Tmut/Erth      48%        N/A       1%          4

Your spell library contained the following spells:

 Spells                   Type           Power      Damage    Failure   Level


Dungeon Overview and Level Annotations

Branches:
Dungeon (1/1)

Altars:
Cheibriados
Dithmenos
Elyvilon
Fedhas
Gozag
Hepliaklqana
Kikubaaqudgha
Makhleb
Nemelex Xobeh
Okawaru
Qazlal
Ru
Sif Muna
Trog
Uskayaw
Vehumet
Wu Jian
Xom
Yredelemnul
Zin
The Shining One
Jiyva
Lugonu

Shops:
D [[[


Message History

The centaur warrior shoots an arrow.
The arrow barely misses you.
Found a triple sword and 14 gold pieces.
Casting: Stone Arrow (safe; 1% risk of failure)
Confirm with . or Enter, or press ? or * to list all spells.
Aiming: Stone Arrow (safe; 1% risk of failure)
Press: ? - help, Shift-Dir - straight line, f/p - centaur warrior
Aim: a centaur warrior, wielding a +0 longbow and quivering arrows (purple smoke, heavily wounded, 84% to hit)
The stone arrow hits the centaur warrior!!
The centaur warrior is almost dead.
The centaur warrior shoots an arrow.
The arrow hits you!!
Ouch! That really hurt!
Casting: Stone Arrow (safe; 1% risk of failure)
Confirm with . or Enter, or press ? or * to list all spells.
Aiming: Stone Arrow (safe; 1% risk of failure)
Press: ? - help, Shift-Dir - straight line, f/p - centaur warrior
Aim: a centaur warrior, wielding a +0 longbow and quivering arrows (almost dead, 84% to hit)
The stone arrow hits the centaur warrior!
You kill the centaur warrior!
You hear a splash. x2
A centaur warrior comes into view.
Your Shields skill gained 5 levels and is now at level 5!
Casting: Stone Arrow (safe; 1% risk of failure)
Confirm with . or Enter, or press ? or * to list all spells.
Aiming: Stone Arrow (safe; 1% risk of failure)
Press: ? - help, Shift-Dir - straight line, f - centaur warrior
Aim: a centaur warrior, quivering arrows (purple smoke, 84% to hit)
The stone arrow hits the centaur warrior!!
The centaur warrior is moderately wounded.
The centaur warrior wields a +0 longbow.
The centaur warrior shoots an arrow.
The arrow barely misses you.
Casting: Stone Arrow (safe; 1% risk of failure)
Confirm with . or Enter, or press ? or * to list all spells.
Aiming: Stone Arrow (safe; 1% risk of failure)
Press: ? - help, Shift-Dir - straight line, f/p - centaur warrior
Aim: a centaur warrior, wielding a +0 longbow and quivering arrows (purple smoke, moderately wounded, 84% to hit)
The stone arrow hits the centaur warrior!!
The centaur warrior is almost dead.
The centaur warrior shoots an arrow.
The arrow hits you!!
Ouch! That really hurt!
You die...

<.#..)..#..'..#__#..)...#
..†..#..').#..'..'..#...#
..#####'#####'#__####...+
..####..#...#.####§$#####
..#__####..##.#≈≈≈§.
..#_____##'#_.+≈§§§
⌠⌠#_.∩...÷..._#§§c
###_..__##_.#'##§###
#_____###'#.#§@§(###
###########.####§###(##
∩........'.).'[.§..'.∩#
##++++####...##########
##.## #+#


You could see a centaur warrior.

Vanquished Creatures
  A centaur warrior (D)
  Sonja (D)
  A deep troll (D)
  2 kobold demonologists (D)
  A slime creature (D)
  Sigmund (D)
  A yak (D)
  A floating eye (D)
  An ogre (D)
  A jelly (D)
  Ijyb (D)
12 creatures vanquished.

Notes
Turn   | Place    | Note
-------+----------+-------------------------------------------
     0 | D        | manyhoops the Deep Elf Earth Elementalist began the quest
                  | for the Orb.
     0 | D        | Reached XP level 1. HP: 10/10 MP: 6/6
     1 | D        | Noticed Ijyb
    10 | D        | Killed Ijyb
    11 | D        | Reached skill level 5 in Spellcasting
    11 | D        | Reached skill level 6 in Earth Magic
    11 | D        | Reached XP level 2. HP: 10/15 MP: 2/10
   158 | D        | Noticed an ogre
   161 | D        | Killed an ogre
   162 | D        | Reached skill level 8 in Earth Magic
   162 | D        | Reached XP level 3. HP: 19/19 MP: 8/14
   162 | D        | Reached XP level 4. HP: 24/24 MP: 8/15
   220 | D        | Learned a level 2 spell: Passwall
   224 | D        | Learned a level 3 spell: Stone Arrow
   226 | D        | Noticed Sigmund
   230 | D        | Killed Sigmund
   231 | D        | Reached skill level 10 in Spellcasting
   231 | D        | Reached skill level 11 in Earth Magic
   231 | D        | Reached XP level 5. HP: 17/28 MP: 6/19
   231 | D        | Reached XP level 6. HP: 20/32 MP: 6/21
   329 | D        | Found an ornate altar of the Wu Jian Council.
   329 | D        | Found a shimmering blue altar of Sif Muna.
   331 | D        | Found a radiant altar of Vehumet.
   356 | D        | Found Yckaati's Armour Emporium.
   356 | D        | Found an ancient bone altar of Kikubaaqudgha.
   356 | D        | Found a hazy altar of Hepliaklqana.
   356 | D        | Found a stormy altar of Qazlal.
   356 | D        | Found a hide-covered altar of Uskayaw.
   356 | D        | Found a blossoming altar of Fedhas.
   356 | D        | Found a bloodstained altar of Trog.
   356 | D        | Found an iron altar of Okawaru.
   356 | D        | Found a basalt altar of Yredelemnul.
   356 | D        | Found a glowing golden altar of the Shining One.
   356 | D        | Found a snail-covered altar of Cheibriados.
   356 | D        | Found a sacrificial altar of Ru.
   356 | D        | Found a glowing silver altar of Zin.
   356 | D        | Found a shadowy altar of Dithmenos.
   356 | D        | Found a white marble altar of Elyvilon.
   356 | D        | Noticed a yak
   358 | D        | Killed a yak
   359 | D        | Reached skill level 12 in Earth Magic
   359 | D        | Found an opulent altar of Gozag.
   360 | D        | Found a sparkling altar of Nemelex Xobeh.
   364 | D        | Bought a +2 robe of fire resistance for 230 gold pieces
   364 | D        | Bought a +0 pair of boots for 58 gold pieces
   421 | D        | Found a burning altar of Makhleb.
   421 | D        | Found a viscous altar of Jiyva.
   421 | D        | Found a shimmering altar of Xom.
   421 | D        | Found a corrupted altar of Lugonu.
   421 | D        | Noticed a slime creature
   424 | D        | Killed a slime creature
   425 | D        | Reached skill level 13 in Earth Magic
   425 | D        | Reached XP level 7. HP: 36/36 MP: 13/24
   431 | D        | Learned a level 4 spell: Petrify
   506 | D        | Noticed Sonja
   508 | D        | Killed Sonja
   509 | D        | Reached XP level 8. HP: 41/41 MP: 19/26
   526 | D        | Found Wusehats's Armour Boutique.
   534 | D        | Bought a +2 hat for 224 gold pieces
   565 | D        | Noticed a kobold demonologist
   566 | D        | Noticed a kobold demonologist
   568 | D        | Noticed a smoke demon
   571 | D        | Killed a kobold demonologist
   571 | D        | Noticed a sixfirhy
   572 | D        | Killed a kobold demonologist
   678 | D        | Noticed a deep troll
   681 | D        | Killed a deep troll
   682 | D        | Reached XP level 9. HP: 45/45 MP: 17/27
   729 | D        | Found Jucryota's Armour Emporium.
   755 | D        | Bought a +0 cloak for 63 gold pieces
   755 | D        | Bought a +0 buckler for 63 gold pieces
   783 | D        | Noticed a centaur warrior
   787 | D        | Killed a centaur warrior
   787 | D        | Noticed a centaur warrior
   788 | D        | Reached skill level 5 in Shields
   789 | D        | Shot with an arrow by a centaur warrior

Illustrated notes

Levels and vault maps discovered:
D:        dungeon_sprint_1 [red_sonja_temple_1, red_sonja_temple_small_1]

Skill      XL: |  1  2  3  4  5  6  7  8  9 |
---------------+----------------------------+-----
Spellcasting   | 5 7 10 12 | 12.3
Earth Magic    | 6 8 11 13 | 13.7
Conjurations   | 9 12 | 12.9
Stealth        | 9 |  9.6
Shields        | 5 |  5.9
Dodging        | |  2.4
Transmutations | |  1.1

Action                   |  1- 3 |  4- 6 |  7- 9 || total
-------------------------+-------+-------+-------++-------
Melee: Unarmed           |     4 |       |       ||     4
 Cast: Sandblast         |     7 |       |     4 ||    11
       Stone Arrow       |       |    10 |    16 ||    26
  Use: Potion            |     1 |     1 |       ||     2
Armor: Robe              |       |       |     1 ||     1
Dodge: Dodged            |     4 |     2 |     2 ||     8
